 Dungeon Crawl Stone Soup version 0.27.1-34-g3ba077fa99 (webtiles) character file.

Game seed: 10483630686536355215

18 comborobin the Sneak (level 2, 0/23 HPs)
             Began as a Vampire Delver on Jan 8, 2022.
             Slain by an orc (7 damage)
             ... on level 3 of the Dungeon.
             The game lasted 00:01:10 (529 turns).

comborobin the Sneak (Vampire Delver)                Turns: 529, Time: 00:01:11

Health: 0/23       AC:  6    Str: 11    XL:     2   Next: 48%
Magic:  2/2        EV: 11    Int: 12    God:
Gold:   24         SH:  0    Dex: 15    Spells: 1/1 levels left

rFire    . . .     SeeInvis +     - Unarmed
rCold    . . .     Faith    .   (no shield)
rNeg     . . .     Spirit   .   g - +0 ring mail
rPois    .         Reflect  .   h - +0 helmet
rElec    .         Harm     .   (no cloak)
rCorr    .         Rampage  .   (no gloves)
Will     .....                  (no boots)
Stlth    +++.......             (no amulet)
HPRegen  0.27/turn              j - ring of wizardry
MPRegen  0.08/turn              (no ring)

@: healing quickly
A: alive, fangs 3, see invisible, vampiric 1
a: Exsanguinate


You were on level 3 of the Dungeon.
You visited 1 branch of the dungeon, and saw 4 of its levels.

You collected 24 gold pieces.

Inventory:

Armour
 a - a +0 leather armour
 g - a +0 ring mail (worn)
 h - a +0 helmet (worn)
Jewellery
 j - a ring of wizardry (left hand)
Wands
 f - a wand of digging (2)
Scrolls
 b - a scroll of fog
 c - a scroll of immolation {unknown}
 d - a scroll of fear
 k - a scroll of magic mapping
Potions
 i - a potion of lignification {unknown}


   Skills:
 - Level 2.7 Fighting
 + Level 0.3 Armour
 + Level 2.4 Dodging
 - Level 7.6 Stealth
 * Level 2.6 Unarmed Combat


You had one spell level left.
You didn't know any spells.
Your spell library was empty.

Dungeon Overview and Level Annotations

Branches:
Dungeon (6/15)
 Temple: D:4-7

Altars:
Kikubaaqudgha

Shops:
D:4 (


Innate Abilities, Weirdness & Mutations

Your natural rate of healing is accelerated.
You have razor-sharp teeth.
You have supernaturally acute eyesight. (SInv)
You are afflicted with vampirism.


Message History

There is an escape hatch in the ceiling here.
The orc closely misses you.
The orc priest calls down the wrath of Beogh upon you.
Beogh smites you! A mysterious force pulls you upwards.
The hatch slams shut behind you.
Found a stone staircase leading down.
You are too injured to fight recklessly!
You are too injured to fight recklessly!
You are too injured to fight recklessly!
An adder comes into view.
Found an ancient bone altar of Kikubaaqudgha.
The orc barely misses you.
An orc comes into view.
It is wielding a +2 dagger of holy wrath.
Okay, then.
Okay, then.
You don't have any such object.
Evoke which item? (* to show all) (? for menu, Esc to quit)
Huh?
Evoke which item? (* to show all) (? for menu, Esc to quit)
Okay, then.
The orc closely misses you.
You don't have any such object.
Evoke which item? (* to show all) (? for menu, Esc to quit)
Huh?
Evoke which item? (* to show all) (? for menu, Esc to quit)
You don't have any such object.
Evoke which item? (* to show all) (? for menu, Esc to quit)
Aiming: Dig
Press: ? - help, Shift-Dir - straight line, f - you Please select a direction to dig.
Okay, then.
Aiming: Dig
Press: ? - help, Shift-Dir - straight line A rock wall.
The rock shatters into small pieces.
The orc misses you. The orc hits you with a +0 hand axe.
* * * LOW HITPOINT WARNING * * *
Found an escape hatch in the ceiling.
The orc hits you with a +0 morningstar!
You die...

.## #.# ..
#.## .#
<... .#
#.#. .#
#.#.#.#
#.#.#.#
###@#...#
#...o..#
###.#o##.#
#........#
#.#._.#.##
#.......#
###.>..##
#...###
.So.#


You could see 2 orcs.

Vanquished Creatures
  An adder (D:4)
  An adder skeleton (D:4)
  An endoplasm (D:4)
  2 hobgoblins (D:4)
  A quokka (D:4)
6 creatures vanquished.

Notes
Turn   | Place    | Note
-------+----------+-------------------------------------------
     0 | D:5      | comborobin the Vampire Delver began the quest for the Orb.
     0 | D:5      | Reached XP level 1. HP: 17/17 MP: 1/1
    43 | D:6      | Noticed an iguana
   116 | D:5      | Noticed a necrophage
   355 | D:4      | Reached XP level 2. HP: 16/23 MP: 2/2
   390 | D:4      | Found Finiet's Weapon Emporium.
   523 | D:3      | Found an ancient bone altar of Kikubaaqudgha.
   529 | D:3      | Slain by an orc

Illustrated notes

Levels and vault maps discovered:
D:3:      layout_rooms, mainiacjoe_overflow_tiny_flanked, serial_shops,
          nicolae_lakefront_shop, uniq_grinder, uniq_robin, uniq_sigmund
D:4:      layout_loops_cross, mainiacjoe_overflow_small_starburst, serial_shops,
          nicolae_square_shop
D:5:      layout_loops_ring, chequers_serial_rivers_micro_e
D:6:      layout_gridville, nicolae_sextant, serial_park_tiny_1,
          kennysheep_windowed_goal, uniq_menkaure

Action                   || total
-------------------------++-------
Melee: Unarmed           ||    42
       Bite              ||     7
Evoke: Wand              ||     1
  Use: Potion            ||     3
       Scroll            ||     1
 Stab: Sleeping          ||     3
Armor: Ring mail         ||    16
Dodge: Dodged            ||    25
